 Dungeon Crawl Stone Soup version 0.23-a0-13-gb09bef45d9 (webtiles) character file.

244014 wisprabbit the Severer (level 18, -7/167 HPs)
             Began as a Minotaur Berserker on July 28, 2018.
             Was a High Priest of Trog.
             Mangled by a white very ugly thing (22 damage)
             ... on level 1 of the Depths on Aug 2, 2018.
             The game lasted 11:15:26 (42998 turns).

wisprabbit the Severer (Minotaur Berserker)        Turns: 42998, Time: 11:15:27

Health: -7/167     AC: 39    Str: 25    XL:     18   Next: 72%
Magic:  11/11      EV:  7    Int: 11    God:    Trog [*****.]
Gold:   1151       SH: 22    Dex: 11    Spells: 17/17 levels left

rFire    + + +     SeeInvis .   a - +3 broad axe (antimagic)
rCold    . . .     Gourm    .   o - +1 large shield {AC+3}
rNeg     . . .     Faith    +   t - +10 plate armour {ponderous}
rPois    +         Spirit   .   (helmet restricted)
rElec    +         Reflect  .   s - +2 cloak {MR+}
rCorr    +         Harm     .   f - +2 pair of gloves
MR       +++..                  X - +0 pair of boots
Stlth    ..........             m - amulet of faith
HPRegen  0.37/turn              q - ring "Ufeguddip" {Wiz rElec rC- MR+}
MPRegen  0.12/turn              n - ring "Ikoixuj" {rF++ MP+9 Int+3}

@: resistant, slow
A: retaliatory headbutt, horns 2
}: 2/15 runes: decaying, serpentine
a: Berserk, Trog's Hand, Brothers in Arms, Renounce Religion


You were on level 1 of the Depths.
You worshipped Trog.
Trog was extremely pleased with you.
You were not hungry.

You visited 7 branches of the dungeon, and saw 33 of its levels.

You collected 2708 gold pieces.
You spent 1557 gold pieces at shops.

Inventory:

Hand Weapons
 a - a +3 antimagic broad axe (weapon)
 b - a +3 fustibalus of velocity
 c - a +4 war axe of freezing
 v - a +3 hunting sling of freezing
 y - a +4 broad axe of flaming
 I - the +4 hand axe "Jashiumy" {drain, MR++}
   (You found it on level 4 of the Lair of Beasts)

   A truly terrible weapon, it drains the life of those it strikes.
   It affects your resistance to hostile enchantments.
Missiles
 e - 267 sling bullets
Armour
 f - a +2 pair of gloves (worn)
 h - the +1 scale mail of the Thoughtful Nights {rPois Regen+ Str+9}
   (You found it on level 3 of the Snake Pit)

   It affects your strength (+9).
   It protects you from poison.
   It increases your rate of regeneration.
 o - a +1 large shield of protection (worn)
 s - a +2 cloak of magic resistance (worn)
 t - a +10 plate armour of ponderousness (worn)
 X - a +0 pair of boots (worn)
Jewellery
 m - an amulet of faith (around neck)
 n - the ring "Ikoixuj" (right hand) {rF++ MP+9 Int+3}
   (You found it on level 10 of the Dungeon)

   [ring of magical power]

   It affects your intelligence (+3).
   It greatly protects you from fire.
   It affects your magic capacity (+9).
 q - the ring "Ufeguddip" (left hand) {Wiz rElec rC- MR+}
   (You found it on level 8 of the Dungeon)

   [ring of wizardry]

   It improves your spell success rate.
   It makes you vulnerable to cold.
   It insulates you from electricity.
   It affects your resistance to hostile enchantments.
 C - an uncursed ring of see invisible
 F - an uncursed ring of resist corrosion
Wands
 g - a wand of acid (20)
 x - a wand of digging (21)
 B - a wand of flame (37)
 D - a wand of iceblast (18)
 E - a wand of enslavement (8)
 O - a wand of disintegration (7)
Scrolls
 i - 2 scrolls of enchant armour
 j - 5 scrolls of magic mapping
 l - 14 scrolls of teleportation
 w - 4 scrolls of identify
 Q - 3 scrolls of fog
 S - 6 scrolls of enchant weapon
 T - 8 scrolls of remove curse
 U - 5 scrolls of fear
 V - 2 scrolls of summoning
Potions
 k - a potion of invisibility
 p - 2 potions of cancellation
 r - 2 potions of might
 u - 5 potions of heal wounds
 z - 4 potions of flight
 A - 2 potions of agility
 G - a potion of magic
 M - 8 potions of curing
 N - 4 potions of mutation
Comestibles
 d - 3 chunks of flesh
 K - 27 rations


   Skills:
 * Level 16.3 Fighting
   Level 10.2 Long Blades
 * Level 17.8(19.4) Axes
   Level 14.4(17.8) Maces & Flails
 * Level 9.0(9.5) Slings
   Level 6.3 Bows
 - Level 4.1(6.7) Throwing
 * Level 15.4 Armour
 - Level 2.5 Dodging
 * Level 15.4 Shields
 * Level 9.6 Evocations


You had 17 spell levels left.
You didn't know any spells.
Your spell library was empty.

Dungeon Overview and Level Annotations

Branches:
Dungeon (15/15)            Temple (1/1) D:7            Lair (6/6) D:10
  Swamp (4/4) Lair:3        Snake (4/4) Lair:2        Slime (0/5) Lair:5
    Orc (2/2) D:11            Elf (0/3) Orc:2        Vaults (0/5) D:14
 Depths (1/5) D:15

Altars:
Ashenzari
Cheibriados
Dithmenos
Elyvilon
Fedhas
Gozag
Hepliaklqana
Kikubaaqudgha
Makhleb
Nemelex Xobeh
Okawaru
Qazlal
Ru
Sif Muna
Trog
Uskayaw
Vehumet
Wu Jian
Xom
Yredelemnul
Zin
The Shining One
Beogh

Shops:
D:14 !   Orc:1 *   Orc:2 ::[(   Depths:1 *

Portals:
Ziggurat: Depths:1
Trove: D:15 (give +7 demon trident)

Annotations:
D:5 Prince Ribbit
D:9 Maurice
D:10 P0WERM0DE's ghost, novice DDFi
D:14 exclusion: Roxanne, Roxanne
D:15 exclusion: orange crystal statue
Lair:4 northmost stairs up go to water
Lair:5 exclusion: 2 oklob plants


Innate Abilities, Weirdness & Mutations

You reflexively headbutt those who attack you in melee.
You have a pair of horns on your head.


Message History

The white very ugly thing tentacle-slaps you!
The white very ugly thing freezes you!!!
You feel a terrible chill!
The white very ugly thing basks in the mutagenic energy from its kin and changes!
The white very ugly thing tentacle-slaps you!
The white very ugly thing freezes you!!!
You feel a terrible chill!
* * * LOW HITPOINT WARNING * * *
Okay, then.
Okay, then.
Okay, then.
Okay, then.
You feel protected.
You block the white very ugly thing's attack.
The white very ugly thing basks in the mutagenic energy from its kin and changes!
The white very ugly thing basks in the mutagenic energy from its kin and changes!
The white very ugly thing tentacle-slaps you.
* * * LOW HITPOINT WARNING * * *
The white very ugly thing freezes you!!
You die...

#.>.⌠.>.#....[.....#
#.......#..........#
#⌠...⌠##..........#
#...##...........#
##.##............#
#................#
#................#
#................#
#....@...........#
#...u........(...#
#................# .
#.3..............#
..##########................#
......u...uu................#
.......)...u................#
............................#
............................#


You could see 4 very ugly things and a soul eater.

Vanquished Creatures
  Kirke (D:14)
  4 thorn hunters
  An azure jelly (Swamp:1)
  7 nagarajas
  A fire giant (Depths:1)
  An orc warlord (Orc:2)
  A caustic shrike zombie (Depths:1)
  4 very ugly things
  Nessos (D:13)
  2 ettins
  A yaktaur captain (Depths:1)
  4 vault guards (D:14)
  10 anacondas
  25 hydras
  9 naga warriors
  2 ghost crabs (Swamp:2)
  7 centaur warriors
  7 two-headed ogres
  10 alligators
  A deep troll earth mage (Depths:1)
  3 tengu warriors
  6 naga sharpshooters
  4 death yaks (Lair:5)
  Sonja (Lair:2)
  2 orc high priests
  5 shock serpents
  Nergalle (D:11)
  9 skeletal warriors (D:15)
  2 salamander mystics
  2 sea snakes
  4 unseen horrors
  A deep troll (shapeshifter) (D:15)
  4 naga ritualists
  6 spriggan druids
  14 swamp dragons
  3 wizards
  2 glowing orange brains
  A lindwurm (Lair:6)
  3 necromancers
  3 mana vipers
  14 ugly things
  7 orc knights
  A salamander (shapeshifter) (D:15)
  12 salamanders
  4 orc sorcerers
  9 cyclopes
  21 elephants
  3 centaur zombies (D:11)
  A frost giant zombie (Depths:1)
  3 manticores
  Joseph (D:9)
  29 black mambas
  3 molten gargoyles (Lair:6)
  A guardian serpent (shapeshifter) (D:15)
  2 guardian serpents
  2 torpor snails
  13 naga magi
  19 spiny frogs
  A gargoyle (D:10)
  6 rime drakes
  4 yaktaurs (Depths:1)
  3 centaur skeletons
  2 freezing wraiths (Swamp:1)
  An efreet (D:13)
  2 tengu conjurers
  13 komodo dragons
  3 meliai (D:12)
  A queen bee (Lair:2)
  14 hornets
  3 polar bears
  13 tyrant leeches
  5 trolls
  9 blink frogs
  22 slime creatures
  12 bog bodies
  A hippogriff (shapeshifter) (D:15)
  A spriggan zombie (Depths:1)
  8 hippogriffs
  10 spriggans
  A shadow (D:12)
  9 wyverns
  3 wraiths
  52 yaks
  Eustachio (D:6)
  8 basilisks
  18 humans (D:14)
  A steam dragon (Lair:6)
  7 vampire mosquitoes (Swamp:2)
  A hog (D:14)
  3 hungry ghosts
  13 swamp worms
  7 insubstantial wisps (Swamp:3)
  7 wargs
  40 nagas
  18 water moccasins
  4 hell hounds (Lair:6)
  6 porcupines
  2 black bears
  3 sky beasts
  2 ice beasts
  An ice dragon simulacrum (Depths:1)
  38 orc warriors
  20 swamp drakes
  19 ogres
  A phantom (D:12)
  A boggart (Depths:1)
  9 wolves
  22 centaurs
  17 crocodiles
  4 big kobolds
  10 bullfrogs
  A gnoll sergeant (D:10)
  A wyvern skeleton (D:7)
  2 scorpions (D:7)
  31 killer bees
  15 wights
  6 electric eels
  A howler monkey (D:12)
  4 lava snakes (Lair:6)
  A crimson imp (D:5)
  A quasit (D:11)
  4 bullfrog zombies
  18 orc priests
  7 hounds
  26 orc wizards
  A jelly (D:10)
  4 iguanas
  2 bullfrog skeletons
  9 worker ants
  2 worker ant zombies
  A river rat (Lair:2)
  15 adders
  14 gnolls
  2 shadow imps
  2 oozes
  An adder zombie (D:9)
  3 worms
  A dart slug (D:1)
  6 leopard geckos
  111 orcs
  2 ball pythons
  8 giant cockroaches
  7 goblins
  3 hobgoblins
  17 jackals
  4 quokkas
  5 bats
  4 frilled lizards
  12 kobolds
  4 rats
  3 fungi
  A plant (Lair:4)
1164 creatures vanquished.

Vanquished Creatures (collateral kills)
  3 nagarajas (Snake:4)
  A frost giant (Depths:1)
  A stone giant (Depths:1)
  A vampire knight (Depths:1)
  A fire dragon (Lair:6)
  A great orb of eyes (Depths:1)
  A naga warrior (Snake:4)
  A centaur warrior (Depths:1)
  A naga sharpshooter (Snake:4)
  A salamander mystic (Snake:4)
  A shambling mangrove (Swamp:4)
  3 deep trolls (Depths:1)
  A naga ritualist (Snake:4)
  2 phantasmal warriors (Depths:1)
  A black mamba (Snake:3)
  4 naga magi
  A hornet (Swamp:4)
  6 nagas (Snake:4)
  An orc warrior (Orc:2)
  3 boggarts (Depths:1)
  2 centaurs (Depths:1)
  An electric eel (Snake:3)
  An orc (Orc:2)
39 creatures vanquished.

Vanquished Creatures (others)
  A swamp dragon (Swamp:4)
  A yaktaur (Depths:1)
  A spriggan (Swamp:4)
  2 humans (D:14)
  2 nagas (Snake:4)
  An orc wizard (Orc:1)
  3 briar patches (Swamp:1)
  A bush (D:13)
  31 fungi
  22 plants
65 creatures vanquished.

Grand Total: 1268 creatures vanquished

Notes
Turn   | Place    | Note
-------+----------+-------------------------------------------
     0 | D:1      | wisprabbit the Minotaur Berserker began the quest for the Orb.
     0 | D:1      | Reached XP level 1. HP: 19/19 MP: 0/0
   141 | D:2      | Noticed a sky beast
   203 | D:1      | Reached XP level 2. HP: 27/27 MP: 1/1
   470 | D:1      | Reached XP level 3. HP: 30/33 MP: 2/2
  1055 | D:2      | Reached ** piety under Trog
  1101 | D:2      | Found a shadowy altar of Dithmenos.
  1219 | D:2      | Reached skill level 5 in Maces & Flails
  1219 | D:2      | Reached XP level 4. HP: 34/40 MP: 3/3
  1401 | D:2      | Found a snail-covered altar of Cheibriados.
  1404 | D:2      | Found a radiant altar of Vehumet.
  1407 | D:2      | Found an ancient bone altar of Kikubaaqudgha.
  1479 | D:2      | Killed a sky beast
  1479 | D:2      | Reached skill level 1 in Throwing
  1479 | D:2      | Reached XP level 5. HP: 47/47 MP: 4/4
  1712 | D:3      | Found a deep blue altar of Sif Muna.
  1724 | D:3      | Upgraded the game from 0.22-a0-866-geee50340df to 0.22-a0-877-g5c4e1afb51
  1814 | D:3      | Noticed an ogre
  2151 | D:3      | Killed an ogre
  2151 | D:3      | Reached XP level 6. HP: 53/53 MP: 5/5
  2472 | D:5      | Entered Level 5 of the Dungeon
  2472 | D:5      | Noticed Prince Ribbit
  2555 | D:4      | Found a burning altar of Makhleb.
  2555 | D:4      | Noticed a green death
  2558 | D:4      | Noticed an orange demon
  2558 | D:4      | Noticed a ynoxinul
  2762 | D:4      | Reached skill level 1 in Shields
  2866 | D:4      | Reached *** piety under Trog
  2908 | D:4      | Reached skill level 5 in Armour
  2908 | D:4      | Reached XP level 7. HP: 60/60 MP: 6/6
  3051 | D:4      | Reached skill level 5 in Fighting
  3498 | D:6      | Reached skill level 1 in Evocations
  4011 | D:5      | Reached XP level 8. HP: 69/69 MP: 7/7
  4678 | D:6      | Noticed Eustachio
  4816 | D:6      | Received a gift from Trog
  4879 | D:6      | Killed Eustachio
  4978 | D:6      | Reached skill level 10 in Maces & Flails
  5015 | D:6      | Reached skill level 1 in Long Blades
  5015 | D:6      | Reached XP level 9. HP: 77/77 MP: 8/8
  5389 | D:7      | Found a staircase to the Ecumenical Temple.
  5398 | Temple   | Entered the Ecumenical Temple
  5531 | D:7      | Reached **** piety under Trog
  5627 | D:8      | Got a wavering turquoise ring
  5637 | D:7      | Found a white marble altar of Elyvilon.
  5748 | D:7      | Found a stormy altar of Qazlal.
  6958 | D:8      | Found a bloodstained altar of Trog.
  7133 | D:9      | Identified the ring "Ufeguddip" {Wiz rElec rC- MR+} (You found it on level 8 of the Dungeon)
  7145 | D:10     | Entered Level 10 of the Dungeon
  7145 | D:10     | Found a runed door.
  7171 | D:10     | Noticed a two-headed ogre
  7171 | D:10     | Noticed P0WERM0DE's ghost (novice DDFi)
  7270 | D:9      | Noticed Joseph
  7289 | D:9      | Killed Joseph
  7289 | D:9      | Reached XP level 10. HP: 86/86 MP: 10/10
  7424 | D:10     | Noticed a two-headed ogre
  7425 | D:10     | Upgraded the game from 0.22-a0-877-g5c4e1afb51 to 0.22-a0-879-g615c57abe7
  7783 | D:9      | Noticed Maurice
  8095 | D:10     | Got a bound iron ring
  8228 | D:11     | Noticed a tengu warrior
  8238 | D:10     | Killed a two-headed ogre
  8240 | D:10     | Noticed a gargoyle
  8246 | D:10     | Killed a gargoyle
  8341 | D:10     | Found a staircase to the Lair.
  8367 | D:10     | Reached skill level 1 in Slings
  8736 | Lair:1   | Entered Level 1 of the Lair of Beasts
  8804 | Lair:1   | Noticed a spiny frog
  8822 | Lair:1   | Killed a spiny frog
  8859 | Lair:1   | Noticed a spiny frog
  8882 | Lair:1   | Killed a spiny frog
  9076 | Lair:1   | Reached skill level 5 in Long Blades
  9263 | Lair:1   | You fall through a shaft!
  9274 | Lair:2   | Noticed an elephant
  9281 | Lair:2   | Reached ***** piety under Trog
  9281 | Lair:2   | Reached XP level 11. HP: 53/95 MP: 12/12
  9353 | Lair:2   | Found a staircase to the Snake Pit.
  9514 | Lair:2   | Received a gift from Trog
  9514 | Lair:2   | Reached skill level 5 in Shields
 10039 | Lair:1   | Reached skill level 10 in Armour
 10392 | Lair:1   | Got a faintly glowing hand crossbow
 10443 | Lair:2   | Noticed Sonja
 11796 | Lair:2   | Killed Sonja
 11796 | Lair:2   | Reached skill level 10 in Fighting
 11944 | Lair:2   | Reached XP level 12. HP: 99/106 MP: 14/14
 12258 | Lair:2   | Identified the +3 hand crossbow of Bodily Humours {freeze, +Blink Int+4} (You found it on level 1 of the Lair of Beasts)
 12275 | Lair:2   | Identified the ring "Ikoixuj" {rF++ MP+9 Int+3} (You found it on level 10 of the Dungeon)
 13168 | Lair:3   | Noticed a seven-headed hydra
 13170 | Lair:3   | Upgraded the game from 0.22-a0-879-g615c57abe7 to 0.22-a0-897-g1b7a381375
 13176 | Lair:3   | Killed a seven-headed hydra
 13200 | Lair:3   | Received a gift from Trog
 13412 | Lair:3   | Found a staircase to the Swamp.
 14660 | Lair:4   | Got a steaming hand axe
 14667 | Lair:4   | Identified the +4 hand axe "Jashiumy" {drain, MR++} (You found it on level 4 of the Lair of Beasts)
 14771 | Lair:4   | Reached skill level 5 in Evocations
 14914 | Lair:4   | Noticed a five-headed hydra
 14924 | Lair:4   | Killed a five-headed hydra
 15046 | Lair:4   | Reached skill level 1 in Axes
 15545 | Lair:4   | Reached skill level 2 in Axes
 15592 | Lair:5   | Found a staircase to the Slime Pits.
 15686 | Lair:4   | Reached skill level 3 in Axes
 16455 | Lair:5   | Received a gift from Trog
 16455 | Lair:5   | Reached skill level 4 in Axes
 16716 | Lair:5   | Reached skill level 5 in Axes
 16718 | Lair:5   | Reached XP level 13. HP: 102/116 MP: 16/16
 17017 | Lair:5   | Reached skill level 6 in Axes
 17336 | Lair:6   | Entered Level 6 of the Lair of Beasts
 17581 | Lair:6   | Reached skill level 7 in Axes
 17735 | Lair:6   | Reached skill level 8 in Axes
 18162 | Lair:6   | Found a large runed door.
 18163 | Lair:6   | Found a large runed door.
 18179 | Lair:6   | Received a gift from Trog
 18247 | Lair:6   | Noticed a fire dragon
 18306 | Lair:6   | Reached skill level 9 in Axes
 19210 | Lair:6   | Killed a fire dragon
 19210 | Lair:6   | Reached XP level 14. HP: 126/126 MP: 17/17
 19608 | D:11     | Reached skill level 10 in Axes
 19740 | D:11     | Found a staircase to the Orcish Mines.
 20404 | D:11     | Noticed Nergalle
 20410 | D:11     | Killed Nergalle
 20591 | Orc:1    | Entered Level 1 of the Orcish Mines
 20599 | Orc:1    | Paralysed by an orc sorcerer for 6 turns
 21007 | Orc:1    | Upgraded the game from 0.22-a0-897-g1b7a381375 to 0.23-a0-8-gb809bb70e4
 21244 | Orc:1    | Found Silurhim's General Store.
 21325 | Orc:2    | Entered Level 2 of the Orcish Mines
 21329 | Orc:1    | Reached skill level 11 in Axes
 21737 | Orc:2    | Received a gift from Trog
 21949 | Orc:2    | Found a roughly hewn altar of Beogh.
 21997 | Orc:2    | Found Nadghucs's Book Boutique.
 22101 | Orc:2    | Found a staircase to the Elven Halls.
 22457 | Orc:2    | Found a roughly hewn altar of Beogh.
 22707 | Orc:2    | Received a gift from Trog
 22865 | Orc:2    | Found Wolixoce's Book Emporium.
 22970 | Orc:2    | Found a roughly hewn altar of Beogh.
 23009 | Orc:2    | Noticed an orc warlord
 23051 | Orc:2    | Killed an orc warlord
 23082 | Orc:2    | Reached skill level 12 in Axes
 23119 | Orc:2    | Found Mygenk's Antique Weapon Shop.
 23120 | Orc:2    | Found a roughly hewn altar of Beogh.
 23127 | Orc:2    | Found Gouqec's Antique Armour Boutique.
 23317 | Orc:2    | Bought a shiny large shield for 210 gold pieces
 23317 | Orc:2    | Bought a runed cloak for 210 gold pieces
 23317 | Orc:2    | Bought a runed plate armour for 728 gold pieces
 23416 | Orc:1    | Bought a scroll of enchant weapon for 105 gold pieces
 23416 | Orc:1    | Bought a scroll of teleportation for 42 gold pieces
 23416 | Orc:1    | Bought a scroll of remove curse for 42 gold pieces
 23416 | Orc:1    | Bought a scroll of identify for 28 gold pieces
 23416 | Orc:1    | Bought a scroll of magic mapping for 49 gold pieces
 23499 | D:12     | Reached skill level 10 in Long Blades
 23689 | D:12     | Found a sparkling altar of Nemelex Xobeh.
 24361 | D:13     | Reached skill level 10 in Shields
 24435 | D:13     | Received a gift from Trog
 25061 | D:13     | Noticed Nessos
 25080 | D:13     | Killed Nessos
 25080 | D:13     | Reached XP level 15. HP: 125/135 MP: 19/19
 25107 | D:13     | Found a bloodstained altar of Trog.
 25267 | D:15     | Entered Level 15 of the Dungeon
 25275 | D:15     | Reached skill level 13 in Axes
 25301 | D:14     | Noticed Roxanne
 25323 | D:14     | Noticed Kirke
 25343 | D:14     | Killed Kirke
 25404 | D:14     | Received a gift from Trog
 25685 | D:15     | Reached ****** piety under Trog
 25694 | D:15     | Received a gift from Trog
 25940 | D:14     | Reached skill level 14 in Axes
 26035 | D:14     | Found a gate to the Vaults.
 26334 | D:14     | Found Hirphuarph's Distillery.
 26340 | D:14     | Bought a potion of curing for 39 gold pieces
 26340 | D:14     | Bought a potion of mutation for 104 gold pieces
 26829 | D:15     | Identified Sif Muna's Papyrus of Mutagenic Companions
 26854 | D:15     | Received a gift from Trog
 27244 | D:15     | Found a runed door.
 27270 | D:15     | Reached skill level 1 in Bows
 27284 | D:15     | Received a gift from Trog
 27307 | D:15     | Found a runed door.
 27322 | D:15     | Found a runed door.
 27333 | D:15     | Found a runed door.
 27437 | D:15     | Found a portal to a secret trove of treasure.
 28313 | D:15     | Received a gift from Trog
 28510 | D:15     | Reached skill level 15 in Axes
 28514 | D:15     | Reached XP level 16. HP: 141/145 MP: 20/20
 28534 | D:15     | Found a staircase to the Depths.
 28702 | Depths:1 | Entered Level 1 of the Depths
 29142 | Snake:1  | Entered Level 1 of the Snake Pit
 30013 | Swamp:1  | Entered Level 1 of the Swamp
 30157 | Swamp:1  | Noticed a thorn hunter
 30184 | Swamp:1  | Killed a thorn hunter
 30336 | Swamp:1  | Upgraded the game from 0.23-a0-8-gb809bb70e4 to 0.23-a0-13-gb09bef45d9
 30507 | Swamp:1  | Found a frozen archway.
 30784 | Swamp:1  | Noticed a thorn hunter
 30802 | Swamp:1  | Killed a thorn hunter
 30860 | Swamp:1  | Received a gift from Trog
 31426 | Swamp:2  | Reached skill level 5 in Slings
 31483 | Swamp:2  | Reached skill level 16 in Axes
 32630 | Swamp:3  | Received a gift from Trog
 32777 | Swamp:3  | Noticed a thorn hunter
 32804 | Swamp:3  | Killed a thorn hunter
 32892 | Swamp:3  | Noticed a thorn hunter
 32902 | Swamp:3  | Killed a thorn hunter
 33404 | Swamp:3  | Reached XP level 17. HP: 154/154 MP: 22/22
 33509 | Swamp:4  | Entered Level 4 of the Swamp
 34675 | Swamp:4  | Reached skill level 15 in Fighting
 34871 | Swamp:3  | Received a gift from Trog
 34872 | Swamp:3  | Reached skill level 5 in Bows
 36225 | Swamp:4  | Got a decaying rune of Zot
 36717 | Snake:1  | Reached skill level 17 in Axes
 38535 | Snake:2  | Received a gift from Trog
 39044 | Snake:3  | Received a gift from Trog
 39047 | Snake:3  | Reached skill level 15 in Armour
 39424 | Snake:3  | Reached XP level 18. HP: 139/166 MP: 23/23
 39565 | Snake:3  | Got a pitted scale mail
 39696 | Snake:4  | Entered Level 4 of the Snake Pit
 40751 | Snake:4  | Received a gift from Trog
 40910 | Snake:4  | Received a gift from Trog
 41664 | Snake:4  | Reached skill level 15 in Shields
 41969 | Snake:4  | Got a serpentine rune of Zot
 42128 | Lair:2   | Identified the +1 scale mail of the Thoughtful Nights {rPois Regen+ Str+9} (You found it on level 3 of the Snake Pit)
 42364 | Depths:1 | Found a gateway to a ziggurat.
 42369 | Depths:1 | Found Ineerujo's Changing Room.
 42439 | Depths:1 | Received a gift from Trog
 42998 | Depths:1 | Mangled by a white very ugly thing

Vault maps used:
D:1:      dpeg_arrival_shrine
D:2:      nicolae_dithmenos_shadow_blocks, grunt_temple_overflow_diamond,
          kennysheep_crisscross, minivault_23
D:3:      nicolae_overflow_crystal_walls, kennysheep_generic_room_15
D:4:      first_ration, makhleb_altar_promises_db
D:5:      uniq_prince_ribbit1
D:6:      roderic_filled_cross, uniq_eustachio
D:7:      elyvilon_altar_5, grunt_qazlal_clouds, minmay_temple_entry_overgrown,
          enter_bailey_3, grunt_ogre_cave, minmay_unpleasant_kobolds
D:8:      kennysheep_mini_moat, hex_intersection
D:9:      uniq_maurice, uniq_joseph
D:10:     lair_entry_dummy, ebering_ghost_inner_flame
D:11:     grunt_ministairs_1, uniq_nergalle
D:12:     minmay_misc_feat_tiny, nemelex_diamond_rough_becter
D:13:     trog_ov_bears_minmay, uniq_nessos
D:14:     grunt_vaults_entry_tiered, serial_shops, shop_statue, uniq_roxanne,
          uniq_kirke
D:15:     gammafunk_enter_depths_forms, enter_trove_2,
          minmay_statue_crystal_thing
Temple:   cyrus_circular_temple
Lair:1:   serial_bayou_shore_b, lemuel_fruit_tree, infiniplex_staircase_pool
Lair:2:   regret_index_wax_grids, guppyfry_snake_entry_garden, uniq_sonja
Lair:3:   minmay_swamp_entry_eels, grunt_megastairs_3, serial_bayou_shore_b,
          lemuel_fruit_fields, infiniplex_staircase_pool_2
Lair:4:   beast_lair_carwin_8, wad_woods_river_01
Lair:5:   minmay_slime_entry_oklob_open, grunt_megastairs_4
Lair:6:   cheibrodos_lair_end_hotspot, st_stairs_5
Swamp:1:  portal_ice_cave_entry_frozen_things, evilmike_swamp_ruin_house_4,
          swamp_pool1
Swamp:2:  hangedman_swamp_lotus
Swamp:3:  evilmike_swamp_ruin_rubble_1
Swamp:4:  swamp
Snake:2:  serial_bayou_shore_b, serial_bayou_shore_b, grunt_megastairs_2
Snake:3:  guppyfry_snake_island
Snake:4:  minmay_snake_end_coiled, nicolae_snake_serpentine_hallways,
          minmay_snake_pond
Orc:1:    serial_shops, shop
Orc:2:    grunt_orc_community_town_hall, grunt_orc_community_big_house_1,
          grunt_orc_community_big_house_2, grunt_orc_community_house_2,
          grunt_orc_community_house_3, grunt_orc_community_house_1,
          grunt_orc_community_house_3, grunt_orc_community_house_2,
          grunt_orc_community_house_2
Depths:1: enter_ziggurat_a, hellmouth_1, grunt_ministairs_7,
          minmay_misc_feat_plants, nicolae_transmutations_shop, uniq_asterion

Skill      XL: |  1  2  3  4  5  6  7  8  9 10 11 12 13 14 15 16 17 18 |
---------------+-------------------------------------------------------+-----
Maces & Flails | 4 5 6 8 10 11 12 14 | 14.4
Fighting       | 4 5 6 7 8 10 11 12 13 14 15 16 | 16.3
Armour         | 3 4 5 6 7 8 9 10 11 12 13 14 15 | 15.4
Throwing       | 1 2 3 4 |  4.1
Shields        | 1 2 3 4 6 7 8 10 11 12 14 15 | 15.4
Evocations     | 1 3 4 5 6 7 8 9 |  9.6
Long Blades    | 1 3 5 6 8 9 10 | 10.2
Slings         | 1 2 3 5 6 9 |  9.0
Axes           | 5 9 12 15 16 17 | 17.8
Bows           | 2 4 6 |  6.3
Dodging        | |  2.5

Action                   |  1- 3 |  4- 6 |  7- 9 | 10-12 | 13-15 | 16-18 || total
-------------------------+-------+-------+-------+-------+-------+-------++-------
Melee: Mace              |    92 |   104 |   389 |   766 |    16 |       ||  1367
       Headbutt          |    10 |    23 |    71 |   216 |   387 |   350 ||  1057
       Long sword        |       |       |    11 |       |       |       ||    11
       Hand axe          |       |       |       |   202 |   517 |    70 ||   789
       Scimitar          |       |       |       |       |    13 |       ||    13
       Broad axe         |       |       |       |       |  1151 |   600 ||  1751
       War axe           |       |       |       |       |    12 |   819 ||   831
 Fire: Hunting sling     |       |       |       |    28 |    28 |       ||    56
       Fustibalus        |       |       |       |       |     5 |   184 ||   189
Throw: Stone             |    44 |    31 |   104 |    85 |   121 |     5 ||   390
Invok: Berserk           |     2 |     5 |    11 |     5 |     6 |     6 ||    35
       Brothers in Arms  |       |       |       |     1 |     3 |     7 ||    11
       Trog's Hand       |       |       |       |       |     1 |       ||     1
Evoke: Wand              |       |     4 |       |    20 |    11 |     9 ||    44
       Fan of gales      |       |       |       |     1 |       |       ||     1
  Use: Scroll            |     1 |     8 |    11 |    12 |     8 |     9 ||    49
       Potion            |       |     1 |     4 |     5 |     2 |     4 ||    16
 Stab: Distracted        |       |       |       |       |       |     1 ||     1
  Eat: Chunk             |     3 |     6 |    17 |    15 |    39 |    22 ||   102
       Ration            |       |     1 |     3 |     6 |     3 |    10 ||    23
Armor: Plate armour      |    66 |    67 |   170 |   455 |   680 |   505 ||  1943
       Swamp dragon scal |       |       |       |       |       |   130 ||   130
       Scale mail        |       |       |       |       |       |    17 ||    17
Dodge: Dodged            |    29 |    18 |    68 |   181 |   183 |   274 ||   753
Block: Shield            |       |    42 |   148 |   334 |       |       ||   524
       Large shield      |       |       |       |    49 |  1036 |  1201 ||  2286

Table legend:
 A = Spawn XP
 B = Non-spawn XP
 C = Spawn XP percentage of total XP
 D = Spawn monster count
 E = Non-spawn monster count
 F = Spawn count percentage of total count
 G = Total turns spent on level
                    A         B        C        D         E        F      G
               +---------+---------+-------+---------+---------+-------+---------
         Total |       0 |  352536 |   0.0 |       0 |    1204 |   0.0 | 42998
               +---------+---------+-------+---------+---------+-------+---------
           D:1 |       0 |      47 |   0.0 |       0 |      21 |   0.0 |   850
           D:2 |       0 |     227 |   0.0 |       0 |      18 |   0.0 |   833
           D:3 |       0 |     157 |   0.0 |       0 |      11 |   0.0 |   707
           D:4 |       0 |     465 |   0.0 |       0 |      23 |   0.0 |   817
           D:5 |       0 |     708 |   0.0 |       0 |      20 |   0.0 |  1143
           D:6 |       0 |    1287 |   0.0 |       0 |      23 |   0.0 |   774
           D:7 |       0 |    1211 |   0.0 |       0 |      29 |   0.0 |  1186
           D:8 |       0 |     846 |   0.0 |       0 |      24 |   0.0 |   835
           D:9 |       0 |     807 |   0.0 |       0 |       8 |   0.0 |   806
          D:10 |       0 |    3092 |   0.0 |       0 |      19 |   0.0 |  1162
          D:11 |       0 |    8857 |   0.0 |       0 |      41 |   0.0 |  1376
          D:12 |       0 |    3469 |   0.0 |       0 |      17 |   0.0 |   887
          D:13 |       0 |   12253 |   0.0 |       0 |      39 |   0.0 |   983
          D:14 |       0 |   27107 |   0.0 |       0 |      72 |   0.0 |  1492
          D:15 |       0 |   31477 |   0.0 |       0 |      70 |   0.0 |  2305
        Lair:1 |       0 |    4247 |   0.0 |       0 |      20 |   0.0 |  1955
        Lair:2 |       0 |   10122 |   0.0 |       0 |      60 |   0.0 |  3666
        Lair:3 |       0 |    5130 |   0.0 |       0 |      25 |   0.0 |  1437
        Lair:4 |       0 |    6161 |   0.0 |       0 |      25 |   0.0 |  1477
        Lair:5 |       0 |   11251 |   0.0 |       0 |      30 |   0.0 |  1086
        Lair:6 |       0 |   19073 |   0.0 |       0 |      64 |   0.0 |  1832
       Swamp:1 |       0 |   15844 |   0.0 |       0 |      31 |   0.0 |  1240
       Swamp:2 |       0 |   13632 |   0.0 |       0 |      34 |   0.0 |  1186
       Swamp:3 |       0 |   29225 |   0.0 |       0 |      55 |   0.0 |  2661
       Swamp:4 |       0 |   25548 |   0.0 |       0 |      55 |   0.0 |  1387
       Snake:1 |       0 |   21547 |   0.0 |       0 |      35 |   0.0 |  1558
       Snake:2 |       0 |   15456 |   0.0 |       0 |      25 |   0.0 |  1047
       Snake:3 |       0 |   18040 |   0.0 |       0 |      35 |   0.0 |  1359
       Snake:4 |       0 |   30289 |   0.0 |       0 |      70 |   0.0 |  1734
         Orc:1 |       0 |    4174 |   0.0 |       0 |      34 |   0.0 |   912
         Orc:2 |       0 |   10076 |   0.0 |       0 |     128 |   0.0 |  1734
      Depths:1 |       0 |   20711 |   0.0 |       0 |      43 |   0.0 |   462
               +---------+---------+-------+---------+---------+-------+---------
